Map: Orbital Shipyard

Players

Chris (MCanning) - Winner!

  • Race: Protoss Protoss
  • League: Diamond

llllllllllll

  • Race: Zerg Zerg
  • League: Platinum

VOD

Have the link to the VOD?

Description

Time

  • Played on: Nov. 12, 2015, 12:18 a.m.
  • Length: 16:39
Show
View Real Time Build Order
Export as new Build Order

Chris Protoss - Winner!

Build Orders: Double Forge, Nexus First 

Get SALT Encoding   

  12  0:01  Probe (Chrono Boost)  
  13  0:11  Probe (Chrono Boost)  
  14  0:19  Pylon  
  14  0:22  Probe (Chrono Boost)  
  15  0:37  Probe (Chrono Boost)  
  16  0:48  Probe (Chrono Boost)  
  17  0:59  Nexus  
  17  1:08  Gateway  
  17  1:12  Probe (Chrono Boost)  
  18  1:20  Assimilator  
  18  1:23  Probe (Chrono Boost)  
  18  1:24  Assimilator  
  19  1:33  Probe (Chrono Boost)  
  19  1:37  Pylon  
  20  1:44  Probe (Chrono Boost)  
  21  1:54  Probe (Chrono Boost)  
  21  2:00  Cybernetics Core  
  24  2:01  Zealot  
  24  2:05  Probe (Chrono Boost)  
  25  2:11  Probe (Chrono Boost)  
  27  2:15  Probe (Chrono Boost)  
  27  2:21  Probe (Chrono Boost)  
  28  2:26  Probe (Chrono Boost)  
  29  2:32  Probe (Chrono Boost)  
  29  2:34  Pylon  
  29  2:36  Probe (Chrono Boost)  
  31  2:41  Stalker (Chrono Boost)  
  33  2:44  Warp Gate  
  33  2:45  Probe  
  33  2:48  Mothership Core  
  36  2:56  Probe  
  37  3:04  Pylon  
  37  3:08  Probe (Chrono Boost)  
  37  3:09  Probe (Chrono Boost)  
  39  3:14  Sentry  
  39  3:19  Probe (Chrono Boost)  
  42  3:20  Probe (Chrono Boost)  
  42  3:25  Robotics Facility  
  43  3:29  Probe (Chrono Boost)  
  43  3:30  Probe (Chrono Boost)  
  45  3:38  Pylon  
  45  3:40  Probe (Chrono Boost)  
  46  3:44  Probe (Chrono Boost)  
  46  3:45  Gateway  
  46  3:46  Sentry, Gateway  
  49  3:55  Probe (Chrono Boost), Forge  
  50  3:57  Probe (Chrono Boost)  
  50  4:02  Gateway  
  51  4:03  Forge  
  51  4:05  Probe (Chrono Boost)  
  51  4:09  Probe (Chrono Boost)  
  53  4:10  Assimilator  
  53  4:13  Observer (Chrono Boost)  
  53  4:14  Probe (Chrono Boost)  
  53  4:15  Assimilator  
  55  4:20  Probe  
  55  4:22  Pylon  
  56  4:26  Probe  
  56  4:29  Protoss Ground Weapons Level 1  
  57  4:36  Observer (Chrono Boost)  
  57  4:38  Probe  
  59  4:40  Protoss Ground Armor Level 1  
  59  4:43  Probe  
  60  4:51  Twilight Council  
  60  4:54  Pylon  
  60  4:58  Probe  
  61  5:00  Nexus  
  61  5:01  Probe  
  61  5:06  Stalker x2  
  66  5:12  Pylon  
  66  5:14  Pylon  
  66  5:21  Probe x2  
  68  5:30  Robotics Bay  
  68  5:31  Probe  
  68  5:33  Probe, Pylon, Warp Prism (Chrono Boost)  
  68  5:35  Zealot  
  74  5:37  Adept  
  76  5:44  Blink (Chrono Boost)  
  76  5:50  Adept x2  
  76  5:54  Probe  
  76  5:55  Probe  
  81  5:59  Dark Shrine  
  82  6:06  Probe  
  82  6:10  Gateway x2  
  83  6:16  Disruptor (Chrono Boost)  
  86  6:24  Probe  
  87  6:32  Probe  
  87  6:35  Zealot x4  
  96  6:44  Protoss Ground Weapons Level 2 (Chrono Boost)  
  96  6:48  Disruptor (Chrono Boost), Pylon  
  96  6:49  Pylon, Assimilator  
  96  6:52  Probe  
  96  6:54  Assimilator  
  100  6:57  Gateway  
  100  6:59  Gateway  
  98  7:10  Protoss Ground Armor Level 2 (Chrono Boost)  
  98  7:14  Probe x2  
  97  7:15  Disruptor (Chrono Boost)  
  97  7:16  Probe  
  97  7:20  Stalker x3  
  108  7:26  Probe  
  108  7:27  Probe  
  108  7:28  Pylon  
  110  7:30  Probe  
  110  7:31  Pylon  
  110  7:32  Pylon  
  111  7:43  Probe  
  112  7:47  Dark Templar  
  112  7:49  Dark Templar  
  116  7:51  Dark Templar  
  118  8:04  Probe, Disruptor  
  118  8:05  Adept  
  121  8:08  Photon Cannon  
  123  8:16  Zealot  
  125  8:20  Stalker x3  
  125  8:21  Stalker  
  133  8:35  Disruptor  
  136  8:45  Stalker x5  
  136  8:46  Stalker x2  
  150  8:49  Pylon  
  150  8:52  Robotics Facility  
  150  8:53  Nexus  
  144  9:02  Zealot  
  146  9:03  Pylon x2  
  146  9:04  Probe  
  146  9:08  Dark Templar  
  149  9:10  Dark Templar  
  149  9:11  Protoss Ground Weapons Level 3 (Chrono Boost)  
  151  9:22  Photon Cannon  
  151  9:23  Gateway x2  
  151  9:28  Observer Gravitic Boosters (Chrono Boost)  
  151  9:30  Gateway  
  151  9:31  Probe  
  152  9:33  Assimilator  
  152  9:35  Stalker x3  
  152  9:38  Adept x3  
  160  9:40  Assimilator  
  160  9:44  Observer  
  160  9:45  Pylon  
  165  9:56  Disruptor  
  164  10:01  Dark Templar  
  164  10:03  Zealot x4  
  164  10:04  Zealot x2  
  178  10:08  Disruptor (Chrono Boost)  
  169  10:31  Probe, Disruptor (Chrono Boost)  
  169  10:34  Pylon  
  169  10:35  Probe  
  173  10:42  Dark Templar x2  
  177  10:44  Zealot x6, Protoss Ground Armor Level 3 (Chrono Boost)  
  177  10:45  Probe, Zealot x3  
  177  10:46  Observer (Chrono Boost)  
  177  10:49  Archon  
  197  10:54  Probe  
  188  11:09  Observer (Chrono Boost)  
  188  11:10  Zealot  
  188  11:11  Zealot x5  
  191  11:12  Zealot  
  197  11:40  Disruptor (Chrono Boost)  
  197  11:43  Disruptor (Chrono Boost)  
  197  11:44  Dark Templar x2  
  197  11:45  Dark Templar  
  200  11:54  Protoss Shields Level 1 (Chrono Boost)  
  200  11:58  Photon Cannon  
  200  11:59  Charge (Chrono Boost)  
  200  12:02  Photon Cannon  
  200  12:15  Nexus  
  197  12:27  Disruptor x2 (Chrono Boost)  
  190  12:33  Probe  
  169  12:37  Dark Templar x3  
  169  12:38  Dark Templar x2  
  169  12:42  Dark Templar, Archon x2  
  180  12:44  Probe  
  180  12:51  Archon  
  180  12:52  Stalker x4  
  180  12:53  Stalker  
  180  12:57  Probe  
  191  13:05  Photon Cannon  
  191  13:06  Photon Cannon  
  191  13:09  Nexus  
  183  13:27  Stalker x2  
  183  13:28  Stalker x5  
  197  13:34  Pylon  
  197  13:37  Photon Cannon  
  197  13:38  Resonating Glaives  
  197  13:39  Photon Cannon  
  195  13:42  Pylon  
  195  13:45  Pylon  
  193  13:52  Nexus  
  193  13:56  Dark Templar x3  
  199  14:04  Photon Cannon  
  199  14:05  Photon Cannon  
  199  14:09  Observer  
  199  14:15  Protoss Shields Level 2 (Chrono Boost)  
  200  14:18  Nexus  
  200  14:19  Photon Cannon  
  200  14:21  Photon Cannon  
  181  14:52  Photon Cannon  
  181  14:55  Photon Cannon  
  179  15:00  Photon Cannon  
  145  15:25  Dark Templar x3  
  139  15:29  Dark Templar x2  
Show
View Real Time Build Order
Export as new Build Order

llllllllllll Zerg 

Build Orders: Hatch First, Lurkers 

Get SALT Encoding   

  12  0:01  Drone  
  13  0:09  Drone  
  14  0:17  Overlord  
  14  0:27  Drone, Extractor  
  15  0:36  Drone  
  15  0:37  Drone  
  17  0:53  Hatchery  
  16  1:05  Spawning Pool  
  16  1:09  Drone  
  16  1:11  Drone  
  16  1:15  Drone  
  18  1:21  Drone  
  19  1:33  Overlord  
  19  1:36  Extractor  
  18  1:44  Overlord  
  18  1:51  Queen  
  20  2:01  Zergling x2  
  20  2:05  Queen  
  20  2:07  Drone  
  20  2:08  Drone  
  25  2:13  Drone  
  26  2:18  Drone  
  27  2:29  Queen  
  27  2:33  Drone x2  
  31  2:39  Overlord  
  31  2:41  Drone  
  32  2:55  Hatchery  
  31  2:59  Metabolic Boost  
  31  3:08  Zergling x4  
  31  3:09  Queen  
  35  3:21  Drone x5  
  35  3:26  Overlord  
  40  3:28  Drone  
  40  3:30  Drone  
  40  3:32  Drone  
  43  3:34  Drone  
  44  3:53  Overlord  
  44  3:54  Overlord, Drone  
  44  3:55  Drone x4  
  49  4:06  Drone x2  
  51  4:12  Extractor  
  50  4:18  Extractor  
  49  4:25  Drone x9, Extractor  
  49  4:27  Hatchery  
  56  4:45  Lair  
  56  4:53  Drone x7  
  56  4:54  Drone x6  
  68  5:09  Roach Warren  
  68  5:10  Overlord  
  68  5:11  Overlord  
  68  5:12  Evolution Chamber  
  68  5:13  Drone x5  
  68  5:14  Drone  
  72  5:23  Extractor x2  
  70  5:31  Drone x3  
  70  5:32  Drone x3  
  70  5:33  Overlord  
  76  5:47  Hydralisk Den  
  76  5:49  Drone  
  76  5:50  Zerg Missile Weapons Level 1  
  76  5:56  Zergling x8  
  80  5:58  Drone x4  
  84  6:10  Overlord  
  84  6:11  Hatchery, Overlord  
  83  6:19  Hydralisk x9, Muscular Augments  
  83  6:21  Overlord  
  101  6:29  Glial Reconstitution  
  101  6:31  Extractor  
  100  6:33  Extractor  
  99  6:53  Drone x2  
  99  6:54  Drone x4  
  102  7:02  Hydralisk x9  
  119  7:13  Hatchery  
  119  7:15  Zergling x16  
  120  7:16  Zergling x4  
  128  7:26  Spire  
  127  7:31  Lurker Den  
  127  7:33  Overlord x2  
  127  7:34  Overlord x3  
  127  7:35  Overseer  
  127  7:36  Pneumatized Carapace  
  127  7:44  Zerg Missile Weapons Level 2  
  127  7:47  Overseer  
  127  8:12  Drone x4  
  131  8:13  Drone x4  
  135  8:20  Overlord x4  
  135  8:38  Spore Crawler  
  135  8:39  Zerg Flyer Weapons Level 1, Corruptor x3  
  135  8:40  Corruptor x4, Spine Crawler  
  147  8:50  Hatchery  
  145  9:04  Lurker x10  
  155  9:10  Hatchery  
  155  9:12  Corruptor  
  155  9:13  Zergling x2  
  155  9:14  Zergling x30  
  172  9:20  Overseer  
  172  9:21  Overseer  
  172  9:25  Overseer  
  172  10:00  Drone x9  
  142  10:29  Hydralisk x8  
  142  10:30  Hydralisk x8  
  174  10:39  Zerg Ground Armor Level 1  
  174  10:40  Evolution Chamber  
  173  10:43  Infestation Pit  
  173  10:44  Spine Crawler  
  173  10:45  Spine Crawler  
  173  10:47  Roach  
  173  10:48  Roach x6  
  184  10:51  Spine Crawler  
  184  10:52  Roach x3  
  188  11:04  Hydralisk x6  
  183  11:09  Lurker  
  183  11:10  Lurker  
  197  11:14  Hatchery  
  196  11:21  Overlord  
  196  11:22  Overlord x6, Spine Crawler  
  196  11:23  Spine Crawler  
  196  11:24  Spine Crawler  
  165  11:35  Hydralisk x5  
  167  11:52  Hatchery  
  166  11:56  Spine Crawler  
  166  11:59  Lurker x4  
  166  12:01  Hydralisk x4  
  153  12:32  Hydralisk x5  
  153  12:33  Hydralisk x5  
  165  12:41  Roach x3  
  171  13:07  Hatchery  
  131  13:35  Drone x4  
  135  13:50  Mutalisk x11  
  157  14:12  Overseer  
  157  14:17  Mutalisk x5  
  161  14:34  Mutalisk  
  161  14:35  Mutalisk  
  132  15:23  Zergling x10  
  115  15:35  Hatchery  
  111  15:46  Hatchery, Spawning Pool  
Tags
 
Add a new tag
Caveats
  • Supply blocks, unpowered buildings, or Contaminate may cause inaccurate times.
  • Supply counts are checked every 10 seconds.